 Dungeon Crawl Stone Soup version 0.22.1-2-g9c5b331 (webtiles) character file.

102 MalarOregon the Chiller (level 4, -3/33 HPs)
             Began as a Merfolk Ice Elementalist on Nov 21, 2018.
             Slain by Crazy Yiuf
             ... wielding a +4 quarterstaff of chaos
              (13 damage)
             ... on level 2 of the Dungeon.
             The game lasted 00:08:27 (2391 turns).

MalarOregon the Chiller (Merfolk Ice Elementalist)  Turns: 2391, Time: 00:08:28

Health: -3/33      AC:  4    Str:  8    XL:     4   Next: 78%
Magic:  0/8        EV: 14    Int: 17    God:
Gold:   127        SH:  0    Dex: 14    Spells: 2/8 levels left

rFire    . . .     SeeInvis .   p - +0 spear
rCold    . . .     Gourm    .   (no shield)
rNeg     . . .     Faith    .   a - +0 robe
rPois    .         Spirit   .   j - +0 helmet
rElec    .         Reflect  .   f - +0 cloak
rCorr    .         Harm     .   (no gloves)
MR       .....                  (no boots)
Stlth    ++........             (no amulet)
HPRegen  0.11/turn              n - +2 ring of intelligence
MPRegen  0.11/turn              (no ring)

@: no status effects
A: change form in water, swift swim, stealthy swim
a: no special abilities


You were on level 2 of the Dungeon.
You were hungry.

You visited 1 branch of the dungeon, and saw 2 of its levels.

You collected 127 gold pieces.

Inventory:

Hand Weapons
 p - a +0 spear (weapon)
   (You took it off a gnoll on level 2 of the Dungeon)
Missiles
 b - 19 stones (quivered)
Armour
 a - a +0 robe (worn)
 f - a +0 cloak (worn)
   (You found it on level 1 of the Dungeon)
 j - a +0 helmet (worn)
   (You found it on level 1 of the Dungeon)
Jewellery
 n - a +2 ring of intelligence (left hand)
   (You found it on level 2 of the Dungeon)
Scrolls
 c - 2 scrolls of remove curse {unknown}
 g - a scroll of teleportation {unknown}
 h - 3 scrolls of identify {unknown}
 m - 3 scrolls of fear {unknown}
 o - a scroll of immolation {unknown}
 q - a scroll of magic mapping {unknown}
 r - a scroll of noise {unknown}
 s - a scroll of enchant armour {unknown}
Potions
 i - a potion of lignification {unknown}
 k - 2 potions of resistance {unknown}
 l - 2 potions of mutation {unknown}
Comestibles
 d - 3 chunks of flesh
 e - 6 rations {!d}


   Skills:
 + Level 2.0 Fighting
 * Level 0.7 Polearms
 + Level 3.8 Dodging
 - Level 2.1 Stealth
 * Level 2.7 Spellcasting
 - Level 0.7 Conjurations
 * Level 4.1 Ice Magic


You had 2 spell levels left.
You knew the following spells:

 Your Spells              Type           Power        Failure   Level  Hunger
a - Freeze                Ice            ###.         3%          1    #......
b - Ozocubu's Armour      Chrm/Ice       #.......     22%         3    ###....
x - Throw Frost           Conj/Ice       ##....       10%         2    ##.....

Your spell library contained the following spells:

 Spells                   Type           Power        Failure   Level  Hunger
 Throw Icicle             Conj/Ice       ##......     54%         4    #####..
 Summon Ice Beast         Ice/Summ       #.......     58%         4    #####..


Dungeon Overview and Level Annotations

Branches:
Dungeon (2/15)

Altars:
Ashenzari
Ru

Annotations:
D:2 Crazy Yiuf


Message History

The puff of frost hits Crazy Yiuf.
Crazy Yiuf appears unharmed.
You are feeling hungry.
Aim: Crazy Yiuf, wielding a quarterstaff of chaos and wearing an embroidered The puff of frost misses Crazy Yiuf.
Aim: Crazy Yiuf, wielding a quarterstaff of chaos and wearing an embroidered
Okay, then.
Aim: Crazy Yiuf, wielding a quarterstaff of chaos and wearing an embroidered You freeze Crazy Yiuf.
Crazy Yiuf barely misses you.
Aim: Crazy Yiuf, wielding a quarterstaff of chaos and wearing an embroidered You freeze Crazy Yiuf.
Crazy Yiuf closely misses you.
Aim: Crazy Yiuf, wielding a quarterstaff of chaos and wearing an embroidered You freeze Crazy Yiuf.
Crazy Yiuf hits you with a quarterstaff of chaos!
Crazy Yiuf draws strength from your wounds!
Aim: Crazy Yiuf, wielding a quarterstaff of chaos and wearing an embroidered You freeze Crazy Yiuf.
Crazy Yiuf completely misses you.
You hit Crazy Yiuf but do no damage.
Crazy Yiuf hits you with a quarterstaff of chaos!
* * * LOW HITPOINT WARNING * * *
Unknown command.
Crazy Yiuf says, "Goober!
Peeping eyeball turtle."
Crazy Yiuf says, "Whippet!
Rifle pontify pizzabubble."
Aim: Crazy Yiuf, wielding a quarterstaff of chaos and wearing an embroidered You freeze Crazy Yiuf.
Crazy Yiuf barely misses you.
Aim: Crazy Yiuf, wielding a quarterstaff of chaos and wearing an embroidered You freeze Crazy Yiuf.
Crazy Yiuf barely misses you.
Crazy Yiuf says, "Line water leg!"
You can't see any susceptible monsters within range! (Use Z to cast anyway.) Unknown command.
Attack whom?
Aim: Crazy Yiuf, wielding a quarterstaff of chaos and wearing an embroidered You reach to attack!
You closely miss Crazy Yiuf. Crazy Yiuf closely misses you.
Aim: Crazy Yiuf, wielding a quarterstaff of chaos and wearing an embroidered You freeze Crazy Yiuf.
Crazy Yiuf hits you with a quarterstaff of chaos.
* * * LOW HITPOINT WARNING * * *
Crazy Yiuf freezes you.
* * * LOW HITPOINT WARNING * * *
Crazy Yiuf whimpers, "Mugger meccalolo tired!"
You see here a hobgoblin skeleton.
Crazy Yiuf laughs, "Prologue!"
Crazy Yiuf says, "Gnoll!
Cards poople stair."
Aim: Crazy Yiuf, wielding a quarterstaff of chaos and wearing an embroidered The puff of frost hits Crazy Yiuf.
Crazy Yiuf says, "Proton!"
Aim: Crazy Yiuf, wielding a quarterstaff of chaos and wearing an embroidered You freeze Crazy Yiuf.
Crazy Yiuf hits you with a quarterstaff of chaos!
You die...

#.........#.#.#.
######.....#...#.#.#.
#....'.........#...#.
#.####...####..#####.
#.###..........# #.
#..............#####.
#################................
...............#########.#.######
.#########.....g@..........#
.#########.###.####....#.###
.#.........#.....##....#.# ###
.#.#.......#.#.#.##....#.# #..
.#.#.#...#.#.#.#.##....#.######..
.#.#.#.#.#.#.#.#.##....#......#..
.#.#.#.#.#.#.#.#.##....######.#..
##.#.#.#<#.#.#.#.##....# #.#..
##.#.#.#...#.#.#.##....# ##.#..


You could see Crazy Yiuf.

Vanquished Creatures
  4 adders (D:2)
  A gnoll (D:2)
  A worm (D:2)
  3 dart slugs
  3 leopard geckos
  A giant cockroach (D:1)
  2 hobgoblins
  7 jackals
  4 bats
  3 frilled lizards
  6 goblins
  5 kobolds
  8 rats
48 creatures vanquished.

Notes
Turn   | Place    | Note
-------+----------+-------------------------------------------
     0 | D:1      | MalarOregon the Merfolk Ice Elementalist began the quest
                  | for the Orb.
     0 | D:1      | Reached XP level 1. HP: 13/13 MP: 3/3
   148 | D:1      | Reached XP level 2. HP: 20/20 MP: 0/5
   234 | D:1      | Reached skill level 1 in Fighting
   238 | D:1      | Learned a level 2 spell: Throw Frost
   322 | D:1      | Reached XP level 3. HP: 21/26 MP: 3/6
   771 | D:2      | Learned a level 3 spell: Ozocubu's Armour
  1083 | D:2      | Found a sacrificial altar of Ru.
  1121 | D:2      | Reached XP level 4. HP: 33/33 MP: 1/7
  1492 | D:2      | Reached skill level 4 in Ice Magic
  1616 | D:2      | Found a shattered altar of Ashenzari.
  2316 | D:2      | Found a runed door.
  2331 | D:2      | Noticed Crazy Yiuf
  2391 | D:2      | Slain by Crazy Yiuf

Skill      XL: |  1  2  3  4 |
---------------+-------------+-----
Dodging        | 3 |  3.8
Fighting       | 1 2 |  2.0
Ice Magic      | 4 |  4.1
Polearms       | |  0.7
Stealth        | |  2.1
Spellcasting   | |  2.7
Conjurations   | |  0.7

Action                   |  1- 3 |  4- 6 || total
-------------------------+-------+-------++-------
Melee: Dagger            |    62 |     4 ||    66
       Spear             |       |    10 ||    10
Throw: Stone             |    41 |     9 ||    50
 Cast: Freeze            |    25 |    12 ||    37
       Throw Frost       |    10 |    17 ||    27
 Stab: Sleeping          |     2 |       ||     2
  Eat: Chunk             |     2 |     4 ||     6
Armor: Robe              |    15 |       ||    15
Dodge: Dodged            |    46 |    13 ||    59
